 Dungeon Crawl Stone Soup version 0.29.1-12-g30fa7ad0bf (webtiles) character file.

Game seed: 9134926291376229145

41901 wormed the Destroyer (level 13, -1/99 HPs)
             Began as a Demonspawn Fire Elementalist on Dec 23, 2022.
             Was an Elder of Vehumet.
             Slain by a blink frog (12 damage)
             ... on level 5 of the Lair of Beasts.
             The game lasted 01:02:35 (21602 turns).

wormed the Destroyer (DsFE)                        Turns: 21602, Time: 01:02:36

Health: -1/99      AC: 12    Str: 11    XL:     13   Next: 82%
Magic:  6/24       EV: 17    Int: 20    God:    Vehumet [****..]
Gold:   1036       SH:  9    Dex: 13    Spells: 6/27 levels left

rFire   + . .      SeeInvis .   C - staff of conjuration
rCold   . . .      Faith    .   w - +0 kite shield
rNeg    . . .      Spirit   .   p - +0 leather armour
rPois   .          Reflect  .   P - +0 helmet
rElec   .          Harm     .   (no cloak)
rCorr   .          Rampage  .   x - +0 pair of gloves
Will    .....                   l - +1 pair of boots
Stlth   ++........              (no amulet)
HPRegen 1.26/turn               F - +4 ring of evasion
MPRegen 0.19/turn               I - ring of protection from fire

@: no status effects
A: icy blue scales 2, powered by death 1, spiny 1, weakness stinger 2
a: Renounce Religion


You were on level 5 of the Lair of Beasts.
You worshipped Vehumet.
Vehumet was greatly pleased with you.
You visited 3 branches of the dungeon, and saw 16 of its levels.

You collected 1036 gold pieces.

Inventory:

Hand Weapons
 u - a +1 trident of venom
 N - the +9 scimitar of Wu Jian's Vengeance {flame, rC- rN+ Dex+4}
   (You found it on level 4 of the Lair of Beasts)

   It burns those it strikes, dealing additional fire damage.
   Big, fiery blades are also staple armaments of hydra-hunters.
   Dex:       It affects your dexterity (+4).
   rC:        It makes you vulnerable to cold.
   rN:        It protects you from negative energy.
Missiles
 A - a throwing net
Armour
 l - a +1 pair of boots (worn)
 p - a +0 leather armour (worn)
 w - a +0 kite shield (worn)
 x - a +0 pair of gloves (worn)
 P - a +0 helmet (worn)
Magical Staves
 C - a staff of conjuration (weapon)
Jewellery
 v - a +6 ring of intelligence
 F - a +4 ring of evasion (left hand)
 H - an amulet of guardian spirit
 I - a ring of protection from fire (right hand)
 S - a ring of resist corrosion
Wands
 y - a wand of polymorph (11)
 B - a wand of iceblast (38)
 G - a wand of flame (24)
 J - a wand of light (6)
 L - a wand of paralysis (4)
 R - a wand of mindburst (5)
Scrolls
 a - 3 scrolls of vulnerability {unknown}
 c - 10 scrolls of teleportation
 h - 2 scrolls of silence {unknown}
 j - 2 scrolls of amnesia
 m - a scroll of enchant weapon {unknown}
 n - 2 scrolls of butterflies {unknown}
 r - 4 scrolls of noise
 D - 3 scrolls of brand weapon {unknown}
 K - 2 scrolls of immolation {unknown}
 M - 4 scrolls of identify
 O - a scroll of torment {unknown}
 Q - a scroll of blinking {unknown}
Potions
 b - a potion of magic
 d - 3 potions of haste
 e - 2 potions of brilliance
 f - 4 potions of mutation
 g - 2 potions of heal wounds
 i - 2 potions of resistance
 k - 9 potions of curing
 o - 2 potions of ambrosia {unknown}
 q - 4 potions of lignification
 s - a potion of invisibility {unknown}
 t - 4 potions of flight
 z - 2 potions of degeneration {unknown}
 E - a potion of berserk rage


   Skills:
 + Level 8.3 Fighting
 + Level 0.1 Staves
 + Level 7.6 Armour
 + Level 7.9 Dodging
 - Level 1.7 Stealth
 + Level 5.0 Shields
 + Level 7.9 Spellcasting
 * Level 11.0 Conjurations
 * Level 10.5 Fire Magic
 + Level 5.0 Evocations


You had 6 spell levels left.
You knew the following spells:

 Your Spells              Type           Power      Damage    Failure   Level
a - Foxfire               Conj/Fire      100%       2x1d9     1%          1
b - Scorch                Fire           100%       2d10      1%          2
c - Inner Flame           Hex/Fire       28%        N/A       3%          3
d - Flame Wave            Conj/Fire      67%        2d15      1%          4
e - Fireball              Conj/Fire      33%        3d14      2%          5
f - Iskenderun's Battles  Conj           67%        2d12      2%          5
g - Magic Dart            Conj           100%       1d8       1%          1

Your spell library contained the following spells:

 Spells                   Type           Power      Damage    Failure   Level
 Lee's Rapid Deconstruct  Erth           3%         3d6*      88%         5
 Conjure Flame            Conj/Fire      67%        6-21      1%          3
 Hailstorm                Conj/Ice       45%        3d10      9%          4
 Irradiate                Conj/Tmut      22%        3d19      22%         5
 Lightning Bolt           Conj/Air       22%        1d38      22%         5
 Frozen Ramparts          Ice            14%        1d3       24%         3
 Freezing Cloud           Conj/Ice/Air   16%        6-21      41%         5
 Sublimation of Blood     Necr           7%         N/A       43%         2
 Airstrike                Air            3%         2d(1-17)  58%         4
 Call Canine Familiar     Summ           7%         N/A       67%         3
 Portal Projectile        Hex/Tloc       14%        N/A       67%         3
 Tukima's Dance           Hex            7%         N/A       67%         3
 Conjure Ball Lightning   Conj/Air       22%        3x3d6     71%         6
 Ice Form                 Ice/Tmut       7%         N/A       97%         4
 Leda's Liquefaction      Hex/Erth       3%         N/A       97%         4
 Petrify                  Tmut/Erth      7%         N/A       97%         4
 Summon Lightning Spire   Summ/Air       7%         N/A       97%         4
 Blade Hands              Tmut           3%         N/A       100%        5
 Metabolic Englaciation   Hex/Ice        3%         N/A       100%        5
 Simulacrum               Ice/Necr       3%         N/A       100%        6
 Orb of Destruction       Conj           33%        9d10      54%         7


Dungeon Overview and Level Annotations

Branches:
Dungeon (10/15)            Temple (1/1) D:7            Lair (5/5) D:9
  Swamp (0/4) Lair:3       Spider (0/4) Lair:3        Slime (0/5) Lair:4
    Orc: D:9-12

Altars:
Ashenzari
Cheibriados
Dithmenos
Gozag
Hepliaklqana
Makhleb
Nemelex Xobeh
Okawaru
Qazlal
Ru
Sif Muna
Trog
Uskayaw
Vehumet
Wu Jian
Xom
Yredelemnul
Jiyva

Shops:
D:2 **


Innate Abilities, Weirdness & Mutations

You are mostly covered in icy blue scales. (AC +3)
You regenerate a little health from kills.
You are partially covered in sharp spines.
You have a tail ending in a sharp stinger.


Message History

The death yak attacks as you move away! The death yak gores you.
* * * LOW HITPOINT WARNING * * *
The death yak attacks as you move away!
The death yak gores you but does no damage.
You see here a +0 pair of gloves.
The death yak attacks as you move away! The death yak is struck by your spines.
The death yak gores you.
* * * LOW HITPOINT WARNING * * *
The death yak attacks as you move away! The death yak completely misses you.
The death yak attacks as you move away! You block the death yak's attack.
The death yak attacks as you move away! You block the death yak's attack.
The death yak is no longer more vulnerable to fire.
The death yak attacks as you move away! The death yak gores you!
* * * LOW HITPOINT WARNING * * *
The death yak attacks as you move away! The death yak is struck by your spines.
The death yak gores you but does no damage.
There is a stone staircase leading down here.
You climb downwards.
The blink frog gives a loud, deep croak!
The blink frog blinks!
There is a stone staircase leading up here.
Casting: Scorch (safe; 1% risk of failure)
Confirm with . or Enter, or press ? or * to list all spells.
Flames lash the death yak.
The death yak is burned terribly!
The death yak is almost dead.
The blink frog croaks.
You hear a loud, deep croak!
A blink frog comes into view.
A komodo dragon comes into view.
A blink frog comes into view.
The death yak is struck by your spines. The death yak barely misses you.
Casting: Scorch (safe; 1% risk of failure)
Confirm with . or Enter, or press ? or * to list all spells.
Flames lash the death yak.
The death yak is burned terribly!
You kill the death yak!
Vehumet accepts your kill.
The komodo dragon hisses angrily.
The blink frog croaks. x2
The blink frog blinks! x2
A blink frog comes into view.
The blink frog gives a loud, deep croak!
The blink frog hits you!
You die...

Y...# ......
......... .....
. #.......#
##.# ..
........## #
... ........
....##......#
......#.....#.#
#### .
§F...l.........
.P.##..
....FF.@.......
......
#...P..F†....#.
.PP.#
.##.F..........
...##
##...........
.####
#............
Y...#
##........#..
...#.#.#
.......... .
<.......
.........#..
........


You could see a komodo dragon and 5 blink frogs.

Vanquished Creatures
  4 hydras
  A boulder beetle (Lair:4)
  Erica (D:8)
  4 death yaks
  A two-headed ogre (D:9)
  Pikel (D:8)
  Maurice (D:8)
  15 elephants
  5 black mambas
  11 cane toads
  3 komodo dragons
  A tyrant leech (Lair:3)
  A polar bear (Lair:1)
  3 hornets
  6 dream sheep
  7 blink frogs
  24 yaks
  5 wyverns
  2 basilisks
  2 redbacks (Lair:3)
  A swamp worm (Lair:3)
  17 water moccasins
  An acid dragon (D:9)
  2 black bears
  2 orc warriors
  An ice beast (D:8)
  3 ogres
  2 centaurs
  6 wolves (Lair:5)
  2 phantoms
  A kobold brigand (D:7)
  The ghost of ratmagoo the Skirmisher, an amateur DEHu (D:3)
  4 bullfrogs
  4 necrophages
  2 scorpions (D:6)
  4 wights
  11 killer bees
  2 electric eels
  2 howler monkeys
  3 gnoll boudas
  5 orc priests
  3 hounds
  4 hell rats
  9 orc wizards
  3 iguanas
  A hound zombie (D:3)
  13 gnolls
  7 adders
  5 river rats (Lair:1)
  A shadow imp (D:6)
  2 white imps (D:7)
  An ufetubus (D:4)
  3 worms
  2 dart slugs
  29 orcs
  7 ball pythons
  8 endoplasms
  3 giant cockroaches
  5 goblins
  11 hobgoblins
  3 jackals (D:1)
  3 quokkas
  A ball python zombie (D:3)
  6 bats
  4 frilled lizards
  7 kobolds
  11 rats
326 creatures vanquished.

Vanquished Creatures (collateral kills)
  2 foxfires (D:4)
2 creatures vanquished.

Vanquished Creatures (others)
  144 foxfires
  34 fungi
  94 plants
272 creatures vanquished.

Grand Total: 600 creatures vanquished

Notes
Turn   | Place    | Note
-------+----------+-------------------------------------------
     0 | D:1      | wormed the Demonspawn Fire Elementalist began the quest for
                  | the Orb.
     0 | D:1      | Reached XP level 1. HP: 13/13 MP: 3/3
   119 | D:1      | Found a faded altar of an unknown god.
   455 | D:1      | Gained mutation: You have a small tail. [demonic ancestry]
   455 | D:1      | Reached XP level 2. HP: 19/19 MP: 3/5
  1080 | D:2      | Learned a level 2 spell: Scorch
  1323 | D:2      | Reached XP level 3. HP: 25/25 MP: 1/6
  1630 | D:2      | Reached skill level 2 in Conjurations
  1901 | D:2      | Found Loc Ink's Assorted Antiques.
  1930 | D:2      | Found a snail-covered altar of Cheibriados.
  2154 | D:2      | Found Vujisipp's Assorted Antiques.
  2434 | D:3      | Gained mutation: You regenerate a little health from kills.
                  | [demonic ancestry]
  2434 | D:3      | Reached XP level 4. HP: 26/31 MP: 0/7
  2441 | D:3      | Reached skill level 1 in Fighting
  2808 | D:3      | Reached skill level 1 in Armour
  2832 | D:3      | Reached XP level 5. HP: 37/37 MP: 1/8
  2967 | D:3      | Found a runed translucent gate.
  2967 | D:3      | Found a runed translucent gate.
  2967 | D:3      | Found a runed translucent gate.
  2967 | D:3      | Noticed ratmagoo's ghost (amateur DEHu)
  2970 | D:3      | Found a basalt altar of Yredelemnul.
  3189 | D:3      | Found a burning altar of Makhleb.
  3337 | D:3      | Killed ratmagoo's ghost
  3338 | D:3      | Reached skill level 3 in Conjurations
  3512 | D:4      | Gained mutation: You are partially covered in icy blue
                  | scales. (AC +2) [demonic ancestry]
  3512 | D:4      | Reached XP level 6. HP: 43/43 MP: 4/10
  4319 | D:4      | Gained mutation: You have a tail ending in a sharp stinger.
                  | [demonic ancestry]
  4319 | D:4      | Reached XP level 7. HP: 39/50 MP: 2/11
  4388 | D:4      | Learned a level 3 spell: Inner Flame
  4393 | D:4      | Learned a level 4 spell: Flame Wave
  4632 | D:4      | Reached skill level 4 in Conjurations
  4682 | D:4      | Found an ornate altar of the Wu Jian Council.
  5385 | D:4      | Found a sparkling altar of Nemelex Xobeh.
  5631 | D:5      | Entered Level 5 of the Dungeon
  5686 | D:5      | Reached skill level 5 in Fire Magic
  6220 | D:5      | Gained mutation: You are mostly covered in icy blue scales.
                  | (AC +3) [demonic ancestry]
  6220 | D:5      | Reached XP level 8. HP: 44/58 MP: 2/13
  6494 | D:5      | Identified the +0 helmet of Liem {-Tele rN+++ Str+5 Stlth-}
  7120 | D:6      | Found an iron altar of Okawaru.
  7125 | D:6      | Reached skill level 5 in Conjurations
  7354 | D:6      | Found a stormy altar of Qazlal.
  7522 | D:6      | Found a shadowy altar of Dithmenos.
  7990 | D:6      | Found a shimmering altar of Xom.
  9060 | D:7      | Reached XP level 9. HP: 65/65 MP: 8/15
  9367 | D:7      | Found a broken altar of Ashenzari.
  9463 | D:7      | Reached skill level 6 in Conjurations
  9535 | D:7      | Found a staircase to the Ecumenical Temple.
  9587 | Temple   | Entered the Ecumenical Temple
  9594 | Temple   | Became a worshipper of Vehumet
  9979 | D:8      | Noticed Erica
  9988 | D:8      | Noticed Maurice
  9991 | D:8      | Killed Erica
  9994 | D:8      | Noticed Pikel
 10154 | D:8      | Found a sacrificial altar of Ru.
 10245 | D:8      | Killed Maurice
 10246 | D:8      | Reached skill level 7 in Conjurations
 10590 | D:8      | Gained mutation: You are partially covered in sharp spines.
                  | [demonic ancestry]
 10590 | D:8      | Reached XP level 10. HP: 49/73 MP: 4/17
 10718 | D:8      | Killed Pikel
 10719 | D:8      | Reached skill level 5 in Dodging
 10719 | D:8      | Reached skill level 5 in Spellcasting
 10727 | D:8      | Reached * piety under Vehumet
 10727 | D:8      | Offered knowledge of Sandblast by Vehumet.
 10808 | D:8      | Reached skill level 5 in Fighting
 11011 | D:8      | Found a hazy altar of Hepliaklqana.
 11946 | D:9      | Found a staircase to the Lair.
 12081 | D:9      | Reached skill level 8 in Conjurations
 12116 | D:9      | Noticed a two-headed ogre
 12127 | D:9      | Reached skill level 5 in Armour
 12134 | D:9      | Killed a two-headed ogre
 12884 | D:10     | Entered Level 10 of the Dungeon
 12893 | Lair:1   | Entered Level 1 of the Lair of Beasts
 12914 | Lair:1   | Noticed a cane toad
 12919 | Lair:1   | Killed a cane toad
 12956 | Lair:1   | Noticed a six-headed hydra
 13305 | Lair:1   | Reached XP level 11. HP: 81/81 MP: 17/19
 13831 | Lair:1   | Reached skill level 9 in Conjurations
 13959 | Lair:1   | Learned a level 5 spell: Fireball
 13965 | Lair:1   | Learned a level 5 spell: Iskenderun's Battlesphere
 14166 | Lair:1   | Offered knowledge of Magic Dart by Vehumet.
 14171 | Lair:1   | Reached ** piety under Vehumet
 14380 | Lair:1   | Reached skill level 1 in Shields
 14587 | Lair:1   | Learned a level 1 spell: Magic Dart
 15639 | Lair:2   | Reached XP level 12. HP: 91/91 MP: 20/22
 15934 | Lair:2   | Offered knowledge of Frozen Ramparts by Vehumet.
 16969 | Lair:3   | Found a hole to the Spider Nest.
 17009 | Lair:3   | Got the Lectures on the Chill
 17327 | Lair:3   | Reached *** piety under Vehumet
 18012 | Lair:3   | Found a staircase to the Swamp.
 18339 | Lair:4   | Noticed a five-headed hydra
 18341 | Lair:4   | Identified the +9 scimitar of Wu Jian's Vengeance {flame,
                  | rC- rN+ Dex+4}
 18346 | Lair:4   | Killed a five-headed hydra
 18347 | Lair:4   | Reached skill level 10 in Conjurations
 18347 | Lair:4   | Reached XP level 13. HP: 53/98 MP: 20/23
 18880 | Lair:4   | Found a viscous altar of Jiyva.
 18881 | Lair:4   | Found a staircase to the Slime Pits.
 19071 | Lair:4   | Offered knowledge of Dazzling Flash by Vehumet.
 19089 | Lair:4   | HP: 1/98 [boulder beetle (18)]
 19863 | Lair:4   | Reached skill level 10 in Fire Magic
 20498 | Lair:5   | Entered Level 5 of the Lair of Beasts
 20823 | Lair:5   | Reached **** piety under Vehumet
 21099 | Lair:4   | Reached skill level 5 in Evocations
 21289 | Lair:4   | Offered knowledge of Lee's Rapid Deconstruction by Vehumet.
 21290 | Lair:4   | Reached skill level 5 in Shields
 21290 | Lair:4   | Reached skill level 11 in Conjurations
 21602 | Lair:5   | Slain by a blink frog

Illustrated notes

Levels and vault maps discovered:
D:1:      mainiacjoe_arrival_reflecting_pool, layout_basic,
          basic_ecumenical_altar
D:2:      layout_loops_corners, serial_shops, nicolae_shop_behind_doors, shop,
          basic_altar
D:3:      layout_rooms, lightli_temple_of_fire,
          nicolae_yredelemnul_ghost_church, minmay_box_of_dots
D:4:      layout_layer_cave, nemelex_diamond_rough_becter,
          nzn_wu_jian_council_hall, tso_oasis_becter, serial_bayou_lagoon_b
D:5:      layout_loops_corners, mainiacjoe_overflow_small_starburst
D:6:      layout_basic, grunt_qazlal_sundering, okawaru_ov_weapons_minmay,
          mainiacjoe_overflow_tiny_flanked, mainiacjoe_overflow_24_doors
D:7:      layout_cave_pools, mainiacjoe_overflow_catwalk,
          minmay_temple_entry_glassed_door
D:8:      minmay_angry_zag, layout_rooms, kennysheep_mini_moat,
          nzn_hepliaklqana_mist_gate, kennysheep_pointless_box, uniq_erica,
          uniq_maurice, uniq_pikel
D:9:      layout_roguey, lair_entry_dummy
D:10:     layout_small_grid, zin_purify, mainiacjoe_overflow_six_doors_small,
          kennysheep_little_box, zombieorc1_lemuel, enter_bailey_3
Temple:   hellmonk_temple_micro_hex
Lair:1:   layout_chaotic_city, kennysheep_abandoned_house, wad_woods_river_01,
          grunt_megastairs_5, infiniplex_staircase_pool_2
Lair:2:   layout_layer_cave
Lair:3:   layout_roguey, minmay_swamp_entry_worms, spider_nest_entry_webs,
          serial_bayou_shore_a
Lair:4:   layout_loops_ring, slime_entry_1
Lair:5:   grunt_lair_end_beastmaster, layout_loops_ring

Skill      XL: |  1  2  3  4  5  6  7  8  9 10 11 12 13 |
---------------+----------------------------------------+-----
Dodging        | 2 3 4 5 6 7 |  7.9
Fire Magic     | 3 4 5 6 7 8 9 10 | 10.5
Conjurations   | 2 3 4 5 7 8 9 10 11 | 11.0
Fighting       | 1 2 3 4 5 7 8 |  8.3
Armour         | 1 2 3 4 5 6 7 |  7.6
Spellcasting   | 3 4 5 6 7 |  7.9
Shields        | 3 4 5 |  5.0
Evocations     | 3 5 |  5.0
Staves         | |  0.1
Stealth        | |  1.7

Action                   |  1- 3 |  4- 6 |  7- 9 | 10-12 | 13-15 || total
-------------------------+-------+-------+-------+-------+-------++-------
Melee: Unarmed           |    11 |       |       |       |       ||    11
       Tailslap          |     4 |    11 |     6 |     4 |    12 ||    37
       Whip              |    10 |    41 |       |       |       ||    51
       Trident           |       |     9 |    46 |    28 |    27 ||   110
       Staff             |       |       |       |       |     2 ||     2
 Cast: Foxfire           |    29 |    11 |    21 |    21 |     3 ||    85
       Scorch            |    28 |    44 |   146 |   169 |    89 ||   476
       Inner Flame       |       |       |     6 |     6 |    11 ||    23
       Magic Dart        |       |       |       |    68 |    70 ||   138
       Iskenderun's Batt |       |       |       |    22 |    18 ||    40
       Fireball          |       |       |       |     4 |       ||     4
       Flame Wave        |       |       |       |     2 |    13 ||    15
  Use: Scroll            |     2 |       |     6 |     9 |     2 ||    19
       Potion            |       |       |       |     1 |     3 ||     4
Armor: Robe              |     7 |       |       |       |       ||     7
       Leather armour    |       |    19 |    40 |    50 |    66 ||   175
Dodge: Dodged            |    31 |    31 |    81 |   167 |   117 ||   427
Block: Kite shield       |       |       |       |       |    82 ||    82
